 Dungeon Crawl Stone Soup version 0.31.0-12-g77e489cdc1 (webtiles) character file.

Game seed: 9816042849649603524

120 RancidPinata the Sneak (level 5, -4/37 HPs)
             Began as an Octopode Delver on Feb 13, 2024.
             Slain by an orc
             ... wielding a +0 flail
              (6 damage)
             ... on level 3 of the Dungeon on Feb 14, 2024.
             The game lasted 00:01:59 (218 turns).

RancidPinata the Sneak (Octopode Delver)             Turns: 218, Time: 00:02:00

Health: -4/37      AC:  1    Str: 12    XL:     5   Next: 4%
Magic:  5/5        EV: 14    Int: 12    God:
Gold:   15         SH:  0    Dex: 15    Spells: 4/4 levels left

rFire   . . .        a - +0 short sword
rCold   . . .        (no shield)
rNeg    . . .        (helmet restricted)
rPois   .            (no amulet)
rElec   .            (no ring)
rCorr   .            (no ring)
SInv    .            (no ring)
Will    .....        (no ring)
Stlth   +++++        (no ring)
HPRegen 0.26/turn    (no ring)
MPRegen 0.09/turn    (no ring)
                     (no ring)

%: no passive effects
@: no status effects
A: almost no armour, amphibious, 8 rings, camouflage 1, gelatinous body 1,
(nimble swimmer 1), tentacles
a: no special abilities


You were on level 3 of the Dungeon.
You visited 1 branch of the dungeon, and saw 4 of its levels.

You collected 15 gold pieces.

Inventory:

Hand Weapons
 a - a +0 short sword (weapon)
Wands
 f - a wand of digging (3)
Scrolls
 b - a scroll of fog
 c - a scroll of revelation
 d - a scroll of fear
 g - a scroll of enchant weapon {unknown}
 h - a scroll of teleportation {unknown}
Potions
 e - a potion of haste
 i - a potion of lignification {unknown}


   Skills:
 + Level 3.7 Fighting
 + Level 3.0 Short Blades
 + Level 3.0 Dodging
 + Level 7.4 Stealth


You had 4 spell levels left.
You didn't know any spells.
Your spell library was empty.

Dungeon Overview and Level Annotations

Branches:
Dungeon (6/15)
 Temple: D:4-7

Altars:
Hepliaklqana

Annotations:
D:3 Sigmund
D:4 Duvessa


Innate Abilities, Weirdness & Mutations

You cannot wear most types of armour.
You are amphibious.
You can wear up to eight rings at the same time.
Your skin changes colour to match your surroundings (Stealth+).
Your rubbery body absorbs attacks. (AC +1, EV +1)
((You are camouflaged when in or above water. (Stealth+)))
You have tentacles for arms and can constrict up to eight enemies at once.


Message History

Sigmund shouts!
Sigmund misses you.
A malevolent force fills the Dungeon... and a teleportation trap spontaneously manifests!
You are yanked towards some nearby monsters!
Your surroundings suddenly seem different.
An orc wizard, 4 orcs and a ball python come into view.
Found a stone staircase leading down.
The orc shouts!
The ball python hisses angrily.
The orc shouts! x2
The orc wizard shouts!
The orc misses you. The orc barely misses you.
A rat comes into view.
The ball python completely misses you. The ball python grabs you.
The ball python constricts you.
The ball python's grasp on you weakens, but your attempt to escape fails.
The orc hits you with a +0 club. The orc barely misses you. x2
The orc hits you with a +0 dagger. The ball python bites you.
The ball python constricts you.
You hit the orc. You grab the orc.
The orc is heavily wounded.
You constrict the orc.
A giant cockroach comes into view.
The ball python barely misses you. The ball python constricts you.
The orc hits you with a +0 club.
* * * LOW HITPOINT WARNING * * *
The orc closely misses you. x2; The orc hits you with a +0 dagger.
* * * LOW HITPOINT WARNING * * *
You escape the ball python's grasp.
You release your grip on the orc.
The orc hits you with a +0 club.
* * * LOW HITPOINT WARNING * * *
The orc misses you. The orc attacks as it pursues you! The orc misses you.
The orc hits you with a +0 club.
* * * LOW HITPOINT WARNING * * *
The orc wizard casts a spell.
The orc wizard flickers and vanishes!
Deactivating autopickup; reactivate with Ctrl-A.
The orc attacks as it pursues you! The orc hits you with a +0 club.
* * * LOW HITPOINT WARNING * * *
The orc attacks as it pursues you! The orc hits you with a +0 flail.
You die...

######
..####....#####
#..............
#...r.# ##B.{S#
#..oo# #..o.#
#.>.o# #...@#
#....# ####.#
#.# #.# #.. .#.
. .


You could see 4 orcs, a giant cockroach, a ball python and a rat.

Vanquished Creatures
  2 scorpions (D:4)
  2 hobgoblins
  A quokka (D:5)
5 creatures vanquished.

Notes
Turn   | Place    | Note
-------+----------+-------------------------------------------
     0 | D:5      | RancidPinata the Octopode Delver began the quest for the
                  | Orb.
     0 | D:5      | Reached XP level 1. HP: 16/16 MP: 1/1
    18 | D:6      | Noticed a hound
    66 | D:5      | Noticed a jelly
    73 | D:5      | Noticed a scorpion
    98 | D:4      | Noticed a scorpion
   103 | D:4      | Killed a scorpion
   104 | D:4      | Reached skill level 7 in Stealth
   104 | D:4      | Reached XP level 2. HP: 16/21 MP: 2/2
   104 | D:4      | Reached XP level 3. HP: 20/26 MP: 3/3
   104 | D:4      | Reached XP level 4. HP: 24/31 MP: 4/4
   136 | D:4      | Noticed Duvessa
   154 | D:4      | Noticed an ogre
   162 | D:4      | Found a hazy altar of Hepliaklqana.
   163 | D:4      | Noticed a scorpion
   183 | D:4      | Killed a scorpion
   184 | D:4      | Reached XP level 5. HP: 25/37 MP: 5/5
   204 | D:3      | Noticed Sigmund
   218 | D:3      | Slain by an orc

Illustrated notes

Levels and vault maps discovered:
D:3:      layout_rooms, uniq_sigmund
D:4:      layout_rooms, nicolae_qazlal_style_of_elements,
          mainiacjoe_overflow_catwalk, mainiacjoe_overflow_six_doors_small,
          serial_library_hellmonk_secret_room, uniq_natasha, uniq_duvessa
D:5:      layout_cave_pools, lightli_temple_of_fire, xom_teletrap_fun,
          minitemple, nrook_campfire, uniq_prince_ribbit1
D:6:      layout_basic, hellmonk_sif_muna_bookshelves, serial_shops,
          nicolae_shop_just_a_little_nook, uniq_grinder

Skill      XL: |  1  2  3  4 |
---------------+-------------+-----
Stealth        | 7 |  7.4
Short Blades   | 3 |  3.0
Dodging        | 3 |  3.0
Fighting       | |  3.7

Action                     |  1- 3 |  4- 6 || total
---------------------------+-------+-------++-------
  Melee: Short sword       |     4 |    11 ||    15
         Constrict         |     1 |     4 ||     5
         Tentacles         |       |     4 ||     4
   Stab: Sleeping          |     2 |       ||     2
 Armour: Skin              |     1 |    18 ||    19
  Dodge: Dodged            |     1 |    32 ||    33
